 Dungeon Crawl Stone Soup version 0.31-a0-188-g5e087ee2ca (webtiles) character file.

Game seed: 12171507366108415432

25 qw the Shooter (level 2, 0/16 HPs)
             Began as a Deep Elf Hunter on June 22, 2023.
             Succumbed to an adder's poison
             ... on level 1 of the Dungeon.
             The game lasted 00:00:11 (889 turns).

qw the Shooter (Deep Elf Hunter)                     Turns: 889, Time: 00:00:12

Health: 0/16       AC:  3    Str:  5 (8)  XL:     2   Next: 82%
Magic:  2/4        EV: 11    Int: 12 (13) God:
Gold:   75         SH:  0    Dex: 16 (18) Spells: 1/1 levels left

rFire   . . .        a - +0 shortbow
rCold   . . .        (shield currently unavailable)
rNeg    . . .        c - +0 leather armour
rPois   .            (no helmet)
rElec   .            (no cloak)
rCorr   .            (no gloves)
SInv    .            (no boots)
Will    .....        h - amulet of guardian spirit
Stlth   ++           (no ring)
HPRegen 0.22/turn    (no ring)
MPRegen 0.09/turn

%: guardian spirit
@: lethally poisoned (0 -> -3)
A: no striking features
a: no special abilities


You were on level 1 of the Dungeon.
You visited 1 branch of the dungeon, and saw 2 of its levels.

You collected 75 gold pieces.


   Skills:
 - Level 1.5 Fighting
 + Level 6.5 Ranged Weapons
 - Level 2.4 Dodging
 - Level 1.2 Stealth


You had one spell level left.
You didn't know any spells.
Your spell library was empty.

Inventory:

Hand Weapons
 a - a +0 shortbow (weapon)
Armour
 c - a +0 leather armour (worn)
Jewellery
 h - an amulet of guardian spirit (around neck)
Potions
 e - a potion of haste {unknown}
 f - a potion of ambrosia {unknown}
 g - a potion of cancellation {unknown}

Dungeon Overview and Level Annotations

Branches:
Dungeon (2/15)

Altars:


Message History

Done exploring.
867 ||| DROPPING scroll of butterflies.
You drop a scroll of butterflies.
Done exploring.
868 ||| DROPPING potion of degeneration.
You drop a potion of degeneration.
Done exploring.
(D) Dungeon
Where to? (* - list waypoints, ? - help)
What level of the Dungeon? (default 1, ? - help)
There is a stone staircase leading down here.
You climb downwards.
There is a stone staircase leading up here.
An adder is nearby!
Waypoint 1 assigned to D:2.
You shoot an arrow. The arrow hits the adder!
The adder is severely wounded.
The adder bites you.
882 ||| STAIRDANCE The adder bites you.
You are poisoned.
The adder poisons you!
You climb upwards.
You feel very sick.
There is a stone staircase leading down here.
You shoot an arrow. The arrow hits the adder.
The adder is almost dead.
You feel sick. The adder bites you.
You are lethally poisoned!
The adder poisons you! The adder misses you.
You shoot an arrow. The arrow closely misses the adder.
You feel very sick. The adder bites you but does no damage.
The adder closely misses you.
You shoot an arrow. The arrow hits the adder!
You kill the adder!
You feel sick.
There is a lethal amount of poison in your body!
You feel sick.
There is a lethal amount of poison in your body!
You feel sick.
There is a lethal amount of poison in your body!
You die...

#.########.####.#######.#
#.........!#....#.......#
#.########.#..#.#.#####.#
###.#......#.##.#.#.#...#.#
..#.#......#.#....#.#.#.#.#
#.#.#.#.##.#.#..#...).#.#.#
#.#.#.#.##.#.#..#.#.###.#.#
#.#.#.#.##.#.#)%#.#.###.#.#
................@.#.#...#.#
#.#.#.#..#.#.#....#.#.###.#
#.#.#.##.#.#.#....#.#.# #.#
#.#.#....#.#.#....#.#.###.#
#.#.######.#.#....#.#...#.#
..#...............#.#.#.#.#
#.#########..#.#..#.###.#.#
#.### #..#....#.....#%#
....# #....#(########.#


There were no monsters in sight!

Vanquished Creatures
  An adder (D:1)
  A dart slug (D:1)
  A bat (D:1)
  An endoplasm (D:1)
  A giant cockroach (D:1)
  2 goblins (D:1)
  2 hobgoblins (D:1)
  A ball python (D:1)
  A frilled lizard (D:1)
  A kobold (D:1)
  2 rats (D:1)
14 creatures vanquished.

Notes
Turn   | Place    | Note
-------+----------+-------------------------------------------
     0 | D:1      | qw the Deep Elf Hunter began the quest for the Orb.
     0 | D:1      | Reached XP level 1. HP: 12/12 MP: 3/3
     0 | D:1      | 0 ||| qw: Version: 0.3-a-9-g12657ce
     0 | D:1      | 0 ||| qw: Game counter: 3003
     0 | D:1      | 0 ||| qw: Always use a shield: true
     0 | D:1      | 0 ||| qw: God list: Okawaru
     0 | D:1      | 0 ||| qw: Allow faded altars: false
     0 | D:1      | 0 ||| qw: Do Orc after D:15 true
     0 | D:1      | 0 ||| qw: Do second Lair branch before Depths: true
     0 | D:1      | 0 ||| qw: Lair rune preference: random
     0 | D:1      | 0 ||| qw: Plans: Normal
     0 | D:1      | 0 ||| PLANNING D:1-11
   336 | D:1      | Reached skill level 6 in Ranged Weapons
   336 | D:1      | Reached XP level 2. HP: 10/16 MP: 4/4
   861 | D:1      | 861 ||| UPGRADING to amulet of guardian spirit.
   866 | D:1      | 866 ||| DRINKING 2 red potions.
   867 | D:1      | 867 ||| DROPPING scroll of butterflies.
   868 | D:1      | 868 ||| DROPPING potion of degeneration.
   882 | D:2      | 882 ||| STAIRDANCE
   885 | D:1      | HP: 4/16 [poisoned by an adder]
   888 | D:1      | HP: 1/16 [poisoned by an adder]
   889 | D:1      | Succumbed to an adder's poison

Levels and vault maps discovered:
D:1:      elethiomel_arrival_maze, layout_basic
D:2:      layout_loops_corners, uniq_sigmund, uniq_crazy_yiuf_cottage

Skill      XL: |  1 |
---------------+----+-----
Ranged Weapons | 6 |  6.5
Fighting       | |  1.5
Dodging        | |  2.4
Stealth        | |  1.2

Action                     || total
---------------------------++-------
   Fire: Shortbow          ||    36
    Use: Potion            ||     1
 Armour: Leather armour    ||     4
  Dodge: Dodged            ||     9

Table legend:
 A = Non-vault XP
 B = Vault XP
 C = Vault XP percentage of total XP
 D = Non-vault monster count
 E = Vault monster count
 F = Vault count percentage of total count
                 A         B        C        D         E       F
            +---------+---------+-------+---------+---------+-------
      Total |      36 |       0 |   0.0 |      14 |       0 |   0.0
            +---------+---------+-------+---------+---------+-------
        D:1 |      36 |       0 |   0.0 |      14 |       0 |   0.0
            +---------+---------+-------+---------+---------+-------
